 Dungeon Crawl Stone Soup version 0.26-b1-32-g5d43845318 (webtiles) character file.

Game seed: 4215098332782949975

5707 Goblin1989 the Basher (level 10, -4/141 HPs)
             Began as a Palentonga Fighter on Jan 8, 2021.
             Was an Initiate of Gozag.
             Slain by a death knight
             ... wielding a +1 battleaxe
              (13 damage)
             ... on level 9 of the Dungeon.
             The game lasted 00:21:12 (12165 turns).

Goblin1989 the Basher (Palentonga Fighter)         Turns: 12165, Time: 00:21:13

Health: -4/141     AC: 23    Str: 23    XL:     10   Next: 48%
Magic:  10/10      EV:  4    Int:  9    God:    Gozag
Gold:   611        SH: 11    Dex:  9    Spells: 9/9 levels left

rFire    . . .     SeeInvis +   a - +0 flail
rCold    . . .     Faith    .   c - +1 kite shield
rNeg     . . .     Spirit   .   P - +0 plate armour
rPois    .         Reflect  .   (no helmet)
rElec    .         Harm     .   (no cloak)
rCorr    .         Rampage  .   g - +0 pair of gloves
Will     .....                  (no barding)
Stlth    ..........             r - amulet of regeneration
HPRegen  0.73/turn              l - ring of flight
MPRegen  0.12/turn              M - +4 ring of protection

@: berserking (expiring), curled up, very quick
A: large, rugged brown scales 3, see invisible, deformed body, roll 1, armoured
tail, reflexive curl
a: Rolling Charge, Renounce Religion, Evoke Flight, Potion Petition, Call
Merchant, Bribe Branch


You were on level 9 of the Dungeon.
You worshipped Gozag.
Gozag was pleased with you.
You visited 2 branches of the dungeon, and saw 10 of its levels.
You also visited: Ossuary.

You collected 991 gold pieces.
You paid 380 gold pieces to Gozag.

Inventory:

Hand Weapons
 a - a +0 flail (weapon)
 b - a +0 hand crossbow
Missiles
 K - 177 bolts
 Y - 25 poisoned darts (quivered)
Armour
 c - a +1 kite shield (worn)
 g - a +0 pair of gloves (worn)
 P - a +0 plate armour (worn)
Jewellery
 l - a ring of flight (left hand)
 r - an amulet of regeneration (around neck)
 M - a +4 ring of protection (right hand)
Wands
 S - a wand of flame (20) {@v6}
Scrolls
 q - 6 scrolls of remove curse {@r3}
 v - 4 scrolls of amnesia
 x - 3 scrolls of enchant weapon {unknown}
 N - a scroll of summoning {unknown}
 O - 4 scrolls of fear
 Q - a scroll of blinking {unknown}
 R - 7 scrolls of identify {@r1}
 T - 3 scrolls of teleportation {!r, @r2}
 U - 2 scrolls of enchant armour
 X - a scroll of acquirement {unknown}
Potions
 d - 2 potions of might {@q4}
 f - 4 potions of curing {@q1}
 h - 2 potions of mutation {unknown}
 j - 4 potions of attraction {unknown}
 k - 3 potions of brilliance {unknown}
 p - a potion of berserk rage {unknown}
 t - 3 potions of flight {unknown}
 u - 2 potions of lignification {unknown}
 w - 3 potions of haste {unknown}
 V - 3 potions of cancellation {unknown}
 W - 2 potions of resistance {unknown}
 Z - a potion of degeneration {unknown}


   Skills:
 + Level 7.7 Fighting
 * Level 10.2 Maces & Flails
 + Level 6.4 Armour
 + Level 6.4 Shields


You had 9 spell levels left.
You didn't know any spells.
Your spell library contained the following spells:

 Spells                   Type           Power        Failure   Level
 Animate Skeleton         Necr           0%           100%        1
 Pain                     Necr           0%           100%        1
 Confusing Touch          Hex            0%           100%        3
 Gell's Gravitas          Tloc           0%           100%        3
 Vampiric Draining        Necr           0%           100%        3
 Animate Dead             Necr           0%           100%        4
 Petrify                  Tmut/Erth      0%           100%        4
 Agony                    Necr           0%           100%        5
 Metabolic Englaciation   Hex/Ice        0%           100%        5
 Yara's Violent Unravell  Hex/Tmut       0%           100%        5


Dungeon Overview and Level Annotations

Branches:
Dungeon (9/15)             Temple (1/1) D:7            Lair (0/6) D:9
Ossuary (visited)
    Orc: D:9-12

Altars:
Ashenzari
Cheibriados
Dithmenos
Elyvilon
Fedhas
Gozag
Hepliaklqana
Kikubaaqudgha
Makhleb
Nemelex Xobeh
Okawaru
Qazlal
Ru
Sif Muna
Trog
Uskayaw
Vehumet
Wu Jian
Xom
Yredelemnul
Zin
The Shining One

Annotations:
D:6 2 transporters, Raspi's ghost, novice PaFi


Innate Abilities, Weirdness & Mutations

You are completely covered in rugged brown scales. (AC +3, +7% HP)
You have supernaturally acute eyesight. (SInv)
Armour fits poorly on your strangely shaped body.
You can roll at nearby foes to attack.
You have a long armoured tail.
You curl defensively after being hit.


Message History

Your tail-slap misses the big kobold.
The big kobold is moderately wounded.
The big kobold hits you but does no damage.
You barely miss the big kobold.
Your tail-slap misses the big kobold.
The big kobold is moderately wounded.
You block the death knight's attack. The big kobold barely misses you.
You closely miss the big kobold.
The big kobold is moderately wounded.
You block the big kobold's attack.
The death knight hits you with a +1 battleaxe!!
You take 20 damage, and have 74/94 hp.
MASSIVE DAMAGE!!
You closely miss the big kobold.
The big kobold is moderately wounded.
You block the big kobold's attack.
You completely miss the big kobold.
The big kobold is moderately wounded.
You block the death knight's attack.
The big kobold hits you but does no damage. [a] - 286 gold - heal wounds, curing and berserk rage [b] - 624 gold - heal wounds, curing, magic and haste [c] - 440 gold - haste and resistance Purchase which effect?
You no longer have enough gold to fund merchants seeking to open stores in the dungeon.
You feel much better.
You feel better.
A red film seems to cover your vision as you go berserk!
You feel yourself moving faster!
You feel mighty! You block the death knight's attack.
You block the big kobold's attack.
You now have 141/141 hp.
You bludgeon the death knight!!
The death knight is moderately wounded.
You sock the death knight!
The death knight is moderately wounded.
The death knight hits you with a +1 battleaxe!
The big kobold hits you with a +0 short sword.
You take 22 damage, and have 119/141 hp.
You closely miss the death knight.
The death knight is moderately wounded.
You thump the death knight!
The death knight is heavily wounded.
You block the big kobold's attack.
The death knight calls down the wrath of Yredelemnul upon you.
Your body is wracked with pain!
* * * LOW HITPOINT WARNING * * *
You take 58 damage, and have 61/141 hp.
MASSIVE DAMAGE!!
You hit the death knight but do no damage.
The death knight is heavily wounded.
You block the big kobold's attack.
You barely miss the death knight.
The death knight is heavily wounded.
The death knight hits you with a +1 battleaxe!
* * * LOW HITPOINT WARNING * * *
You take 7 damage, and have 54/141 hp.
You barely miss the death knight.
The death knight is heavily wounded.
The big kobold hits you but does no damage.
You block the death knight's attack.
You barely miss the death knight.
The death knight is heavily wounded.
The big kobold hits you but does no damage.
You closely miss the death knight.
Your tail-slap misses the death knight.
The death knight is heavily wounded.
You hit the death knight.
The death knight is heavily wounded.
The death knight hits you with a +1 battleaxe!!
* * * LOW HITPOINT WARNING * * *
The big kobold hits you but does no damage.
You take 20 damage, and have 35/141 hp.
You barely miss the death knight.
The death knight is heavily wounded.
The big kobold hits you but does no damage.
You barely miss the death knight. You tail-slap the death knight!
The death knight is heavily wounded.
The death knight offers itself to Yredelemnul, and fills with unholy energy.
You closely miss the death knight. You tail-slap the death knight.
The death knight is heavily wounded.
The death knight reflects your damage back at you!
* * * LOW HITPOINT WARNING * * *
The big kobold hits you but does no damage.
You take 4 damage, and have 32/141 hp.
You closely miss the death knight.
The death knight is heavily wounded.
The death knight mumbles some strange prayers to Yredelemnul against you.
Your body is wracked with pain!
* * * LOW HITPOINT WARNING * * *
You take 15 damage, and have 17/141 hp.
You hit the death knight.
The death knight is heavily wounded.
The death knight reflects your damage back at you!
The big kobold hits you but does no damage.
The death knight hits you but does no damage.
You barely miss the death knight.
The death knight is heavily wounded.
The big kobold hits you but does no damage.
You sock the death knight!
The death knight is severely wounded.
The death knight reflects your damage back at you!
* * * LOW HITPOINT WARNING * * *
The death knight hits you with a +1 battleaxe!
You die...
Your body crumbles into a pile of gold.

█..██ █..█.█ █.██ █.██.█ █.
█.█ █.██.█
█..█████.███████.█..█
█.......)[)........█
█████.██████..p....█ ██████.█
█..<....█
████████......██████.......█
...............K@p$$..........
██████..████████████.......█..
█████..██ ███..███..██
█.....██ █..█ .██ █.█████ █..█
█ █)█ █..█ █.█ ... >.█ ███


You could see a death knight (reflects damage) and a big kobold.

Vanquished Creatures
  A two-headed ogre (D:9)
  Sigmund (D:4)
  6 yaks (D:9)
  A water moccasin (D:8)
  An ice beast (D:8)
  2 orc warriors
  2 phantoms
  A black bear (D:6)
  5 ogres
  2 centaurs
  A big kobold (D:8)
  4 elf zombies (Ossuary)
  2 gnoll sergeants
  6 bullfrogs
  2 scorpions
  8 wights
  A howler monkey (D:8)
  A bullfrog zombie (D:7)
  A hound (D:8)
  4 orc priests
  4 centaur zombies
  A gnoll shaman (D:8)
  5 human zombies (Ossuary)
  A jelly (D:8)
  8 orc wizards
  3 bullfrog skeletons
  Natasha (thrice) (D:4)
  3 iguanas
  3 worker ants (D:7)
  3 mummies (Ossuary)
  3 worker ant zombies
  A howler monkey zombie (D:6)
  A howler monkey skeleton (D:6)
  8 adders
  15 gnolls
  A shadow imp (D:7)
  An adder zombie (D:5)
  An adder skeleton (D:7)
  A worm (D:2)
  3 leopard geckos
  25 orcs
  5 giant cockroaches
  10 goblins
  9 hobgoblins
  13 jackals
  19 kobolds
  5 quokkas
  A ball python (D:3)
  8 bats
  8 frilled lizards
  11 rats
235 creatures vanquished.

Vanquished Creatures (others)
  9 plants
9 creatures vanquished.

Grand Total: 244 creatures vanquished

Notes
Turn   | Place    | Note
-------+----------+-------------------------------------------
     0 | D:1      | Goblin1989 the Palentonga Fighter began the quest for the
                  | Orb.
     0 | D:1      | Reached XP level 1. HP: 20/20 MP: 1/1
   283 | D:1      | Reached XP level 2. HP: 27/27 MP: 2/2
  1068 | D:2      | Reached XP level 3. HP: 3/33 MP: 3/3
  1577 | D:2      | Reached skill level 3 in Maces & Flails
  2117 | D:2      | Reached XP level 4. HP: 40/40 MP: 4/4
  2591 | D:2      | Found a sacrificial altar of Ru.
  3529 | D:3      | Reached XP level 5. HP: 45/49 MP: 5/5
  3895 | D:4      | Noticed an ogre
  4109 | D:4      | Noticed Sigmund
  4125 | D:4      | Killed Sigmund
  4126 | D:4      | Reached skill level 4 in Maces & Flails
  4126 | D:4      | Reached XP level 6. HP: 24/55 MP: 6/6
  4949 | D:4      | Reached skill level 5 in Maces & Flails
  5148 | D:4      | Gained mutation: You curl defensively after being hit.
                  | [Palentonga growth]
  5148 | D:4      | Reached XP level 7. HP: 41/64 MP: 7/7
  5449 | D:4      | Noticed Natasha
  5450 | D:4      | Killed Natasha
  5489 | D:5      | Entered Level 5 of the Dungeon
  5537 | D:5      | Found a sand-covered staircase.
  5542 | Ossuary  | Entered an ossuary
  5598 | Ossuary  | HP: 2/64 [human zombie (6)]
  6187 | Ossuary  | Reached skill level 6 in Maces & Flails
  6195 | Ossuary  | Reached skill level 5 in Fighting
  6222 | Ossuary  | Reached XP level 8. HP: 25/72 MP: 8/8
  7381 | D:6      | Reached skill level 7 in Maces & Flails
  7479 | D:6      | Found a shimmering altar of Xom.
  8085 | D:6      | Reached skill level 5 in Armour
  8085 | D:6      | Reached skill level 5 in Shields
  8085 | D:6      | Reached XP level 9. HP: 45/80 MP: 9/9
  8211 | D:6      | Found a transporter.
  8211 | D:6      | Noticed Raspi's ghost (novice PaFi)
  8214 | D:6      | Found a transporter.
  8214 | D:6      | Noticed a queen bee
  8742 | D:7      | Reached skill level 8 in Maces & Flails
  8896 | D:7      | Found a staircase to the Ecumenical Temple.
  8904 | Temple   | Entered the Ecumenical Temple
  9145 | Temple   | Became a worshipper of Gozag Ym Sagoz the Greedy
 10099 | D:8      | Reached skill level 9 in Maces & Flails
 10409 | D:8      | Found a hide-covered altar of Uskayaw.
 11218 | D:4      | Noticed Natasha
 11224 | D:4      | Killed Natasha
 11241 | D:4      | Noticed Natasha
 11249 | D:4      | Killed Natasha
 11553 | D:9      | Noticed a death knight
 11640 | D:9      | Reached XP level 10. HP: 92/92 MP: 10/10
 11737 | D:9      | Found a staircase to the Lair.
 11780 | D:9      | Noticed a two-headed ogre
 11814 | D:9      | Killed a two-headed ogre
 11815 | D:9      | Reached skill level 10 in Maces & Flails
 12165 | D:9      | Slain by a death knight

Illustrated notes

Levels and vault maps discovered:
D:1:      minmay_arrival_cross, layout_loops_corners
D:2:      layout_basic, kennysheep_flooded_box, minmay_misc_feat_alley,
          minmay_liquid_box, chequers_serial_rivers_room_b
D:3:      layout_loops_corners, saegor_snake_ambush
D:4:      layout_loops_cross, uniq_sigmund, uniq_natasha
D:5:      layout_loops_ring, enter_ossuary_5
D:6:      layout_rooms, gammafunk_ghost_hive, basic_altar, serial_bayou_ford_a
D:7:      layout_gridville, minmay_temple_entry_statues_pillars
D:8:      layout_cave_pods, kennysheep_mini_moat
D:9:      layout_rooms, lair_entry_dummy, hangedman_fish_farm
Temple:   nicolae_temple_the_god_donut

Skill      XL: |  1  2  3  4  5  6  7  8  9 10 |
---------------+-------------------------------+-----
Maces & Flails | 3 4 5 6 7 9 10 | 10.2
Armour         | 3 4 5 6 |  6.4
Shields        | 3 4 5 6 |  6.4
Fighting       | 4 5 6 7 |  7.7

Action                   |  1- 3 |  4- 6 |  7- 9 | 10-12 || total
-------------------------+-------+-------+-------+-------++-------
Melee: Flail             |   167 |   166 |   676 |   154 ||  1163
       Tailslap          |    14 |    22 |    99 |    19 ||   154
Throw: Dart              |       |       |    20 |       ||    20
Invok: Potion Petition   |       |       |       |     1 ||     1
  Use: Potion            |     1 |       |     2 |       ||     3
       Scroll            |       |       |     7 |       ||     7
 Stab: Distracted        |       |       |     1 |       ||     1
Armor: Scale mail        |   107 |   100 |   147 |       ||   354
       Plate armour      |       |       |   165 |    66 ||   231
Dodge: Dodged            |    38 |    31 |   116 |    13 ||   198
Block: Kite shield       |    82 |   111 |   337 |    62 ||   592
